 Dungeon Crawl Stone Soup version 0.28.0-49-g6dfe1f597d (webtiles) character file.

Game seed: 2842339810173649420

375 Zeld the Conjurer (level 6, 0/51 HPs)
             Began as a Draconian Conjurer on May 17, 2022.
             Killed from afar by an orc wizard (2 damage)
             ... with a puff of flame
             ... on level 4 of the Dungeon.
             The game lasted 00:05:31 (3807 turns).

Zeld the Conjurer (Draconian Conjurer)              Turns: 3807, Time: 00:05:32

Health: 0/51       AC:  6    Str: 10    XL:     6   Next: 44%
Magic:  0/11       EV: 12    Int: 20    God:
Gold:   109        SH:  0    Dex:  9    Spells: 9/12 levels left

rFire   . . .      SeeInvis .   (no weapon)
rCold   . . .      Faith    .   (no shield)
rNeg    . . .      Spirit   .   (armour unavailable)
rPois   .          Reflect  .   (helmet restricted)
rElec   .          Harm     .   (no cloak)
rCorr   .          Rampage  .   (no gloves)
Will    .....                   (no boots)
Stlth   ++........              (no amulet)
HPRegen 0.17/turn               (no ring)
MPRegen 0.12/turn               (no ring)

@: no status effects
A: AC +6, unfitting armour, cold-blooded
a: no special abilities


You were on level 4 of the Dungeon.
You visited 1 branch of the dungeon, and saw 6 of its levels.

You collected 109 gold pieces.

Inventory:

Scrolls
 b - 2 scrolls of identify {unknown}
 c - 2 scrolls of noise {unknown}
 d - a scroll of amnesia {unknown}
 e - a scroll of vulnerability {unknown}
 f - a scroll of blinking {unknown}
 g - a scroll of magic mapping {unknown}
 h - 3 scrolls of fear {unknown}
 i - a scroll of enchant armour {unknown}
Potions
 a - 5 potions of curing {unknown}


   Skills:
 * Level 3.3 Fighting
 + Level 2.7 Dodging
 + Level 2.9 Stealth
 * Level 3.5 Spellcasting
 * Level 5.1 Conjurations


You had 9 spell levels left.
You knew the following spells:

 Your Spells              Type           Power      Damage    Failure   Level
a - Magic Dart            Conj           96%        1d7       1%          1
b - Searing Ray           Conj           48%        2d6       2%          2

Your spell library contained the following spells:

 Spells                   Type           Power      Damage    Failure   Level
 Dazzling Flash           Conj/Hex       26%        N/A       14%         3
 Gell's Gravitas          Tloc           3%         N/A       38%         3
 Teleport Other           Tloc           3%         N/A       38%         3
 Fulminant Prism          Conj/Hex       6%         3d7       43%         4
 Iskenderun's Mystic Bla  Conj/Tloc      13%        2d5       43%         4
 Dispersal                Tloc           1%         N/A       100%        6


Dungeon Overview and Level Annotations

Branches:
Dungeon (6/15)
 Temple: D:4-7

Altars:
Makhleb

Annotations:
D:5 3 runed translucent doors, Modestlyawesome's ghost, novice DsGl


Innate Abilities, Weirdness & Mutations

Your plain brown scales are hard. (AC +6)
You cannot fit into any form of body armour.
You are cold-blooded and may be slowed by cold attacks.


Message History

Reactivating autopickup.
The orc wizard hits you but does no damage.
Things that are here:
a +0 falchion; a +0 leather armour
Things that are here:
a +0 dagger; a +0 leather armour You hit the orc wizard.
The orc wizard is severely wounded.
The orc wizard closely misses you.
You hit the orc wizard but do no damage.
The orc wizard is severely wounded.
The orc wizard hits you with a +0 dagger.
* * * LOW HITPOINT WARNING * * *
Casting: Searing Ray (safe; 2% risk of failure)
Confirm with . or Enter, or press ? or * to list all spells.
Aiming: Magic Dart (safe; 1% risk of failure)
Press: ? - help, Shift-Dir - straight line, f - orc wizard
Aim: an orc wizard, wielding a +0 dagger and wearing a +0 robe (severely wounded, 100% to hit)
The magic dart hits the orc wizard.
The orc wizard is severely wounded.
The orc wizard barely misses you.
The orc wizard points at you and mumbles some strange words.
You resist with some effort.
The orc wizard gestures at you while chanting.
The magic dart hits you.
* * * LOW HITPOINT WARNING * * *
Casting: Magic Dart (safe; 1% risk of failure)
Confirm with . or Enter, or press ? or * to list all spells.
Aiming: Magic Dart (safe; 1% risk of failure)
Press: ? - help, Shift-Dir - straight line, f/p - orc wizard
Aim: an orc wizard, wielding a +0 dagger and wearing a +0 robe (heavily wounded, 100% to hit)
The magic dart hits the orc wizard.
The orc wizard is severely wounded.
Unknown command.
The orc wizard casts a spell at you. The puff of flame hits you.
* * * LOW HITPOINT WARNING * * *
The orc wizard gestures at you while chanting.
The puff of flame misses you. The puff of flame hits you.
You die...

#.### #...## #....# ###
#.$..# #.###
#o..########...#
#....#...#.....#
#..#..........#
##..#.....#....#
######@.......###...# #
#...S.#####...# ##..###
.!.......# #......##...#
##...............#.##....
#................# #.....
#..................#.....
...###...................
.## ....S...##.##.......
##......# ...###...


You could see an orc wizard and an adder (wandering).

Vanquished Creatures
  An ice beast (D:4)
  A hornet zombie (D:4)
  A scorpion (D:4)
  A water moccasin skeleton (D:3)
  4 adders
  3 dart slugs
  A worm (D:2)
  4 orcs
  5 endoplasms
  A giant cockroach (D:2)
  4 goblins
  6 hobgoblins
  4 quokkas
  5 ball pythons
  6 bats
  7 frilled lizards
  6 kobolds
  4 rats
64 creatures vanquished.

Notes
Turn   | Place    | Note
-------+----------+-------------------------------------------
     0 | D:1      | Zeld the Draconian Conjurer began the quest for the Orb.
     0 | D:1      | Reached XP level 1. HP: 14/14 MP: 3/3
   226 | D:1      | Reached XP level 2. HP: 6/22 MP: 0/5
   235 | D:1      | Learned a level 2 spell: Searing Ray
   591 | D:1      | Reached skill level 1 in Fighting
  1177 | D:2      | Reached XP level 3. HP: 28/28 MP: 3/6
  2397 | D:3      | Found a faded altar of an unknown god.
  2747 | D:3      | Reached XP level 4. HP: 33/36 MP: 0/8
  3190 | D:4      | Reached XP level 5. HP: 42/42 MP: 6/9
  3207 | D:4      | Found a burning altar of Makhleb.
  3282 | D:5      | Entered Level 5 of the Dungeon
  3282 | D:5      | Noticed Modestlyawesome's ghost (novice DsGl)
  3282 | D:5      | Found a runed translucent gate.
  3282 | D:5      | Found a runed translucent gate.
  3282 | D:5      | Found a runed translucent gate.
  3305 | D:5      | Identified the +1 ring mail "Arosus" {+Blink rCorr Int-5}
  3668 | D:4      | Reached skill level 5 in Conjurations
  3668 | D:4      | Reached XP level 6. HP: 32/51 MP: 2/11
  3756 | D:4      | Noticed an ice beast
  3783 | D:4      | Killed an ice beast
  3806 | D:4      | HP: 2/51 [orc wizard/puff of flame (5)]
  3807 | D:4      | Killed from afar by an orc wizard

Illustrated notes

Levels and vault maps discovered:
D:1:      psy_arrival_fountain, layout_basic, nrook_mini_vaults
D:2:      layout_loops_corners
D:3:      layout_basic, ebering_ecumenical_altar_box
D:4:      layout_cave_pools, mainiacjoe_overflow_brackets,
          gup_sewer_entry_spiral
D:5:      kennysheep_big_flooded_room, layout_loops_ring,
          biasface_ghost_orc_armoury, minmay_statues_item
D:6:      layout_rooms, overflow_temple_1_default,
          minmay_temple_entry_mini_moons, uniq_menkaure, uniq_eustachio,
          uniq_crazy_yiuf_cottage

Skill      XL: |  1  2  3  4  5 |
---------------+----------------+-----
Fighting       | 1 2 3 |  3.3
Dodging        | 2 |  2.7
Stealth        | 2 |  2.9
Spellcasting   | 3 |  3.5
Conjurations   | 5 |  5.1

Action                   |  1- 3 |  4- 6 || total
-------------------------+-------+-------++-------
Melee: Unarmed           |     5 |     3 ||     8
       Tailslap          |     2 |       ||     2
 Cast: Magic Dart        |    90 |    18 ||   108
       Searing Ray       |     2 |     9 ||    11
Armor: Skin              |    15 |    11 ||    26
Dodge: Dodged            |    30 |    27 ||    57
